 Dungeon Crawl Stone Soup version 0.29-a0-416-g83a48905f1 (webtiles) character file.

Game seed: 7420944716927614214

189 HendSelp the Cutter (level 5, -1/33 HPs)
             Began as a Tengu Monk on May 16, 2022.
             Slain by a gnoll
             ... wielding a +0 flail
              (8 damage)
             ... on level 3 of the Dungeon.
             The game lasted 00:05:28 (3516 turns).

HendSelp the Cutter (Tengu Monk)                    Turns: 3516, Time: 00:05:28

Health: -1/33      AC:  2    Str: 11    XL:     5   Next: 68%
Magic:  6/6        EV: 17    Int: 11    God:
Gold:   217        SH:  0    Dex: 18    Spells: 4/4 levels left

rFire   . . .      SeeInvis .   a - +1 short sword
rCold   . . .      Faith    .   (no shield)
rNeg    . . .      Spirit   .   b - +0 robe
rPois   .          Reflect  .   (helmet restricted)
rElec   .          Harm     .   (no cloak)
rCorr   .          Rampage  .   (no gloves)
Will    .....                   (boots unavailable)
Stlth   ++........              (no amulet)
HPRegen 0.11/turn               (no ring)
MPRegen 0.10/turn               (no ring)

@: flying quickly and evasively, quick
A: beak, talons 3, nimble flight
a: no special abilities


You were on level 3 of the Dungeon.
You visited 1 branch of the dungeon, and saw 4 of its levels.

You collected 217 gold pieces.

Inventory:

Hand Weapons
 a - a +1 short sword (weapon)
Armour
 b - a +0 robe (worn)
Scrolls
 j - a scroll of enchant weapon
 l - a scroll of fog
Potions
 d - a potion of attraction
 f - a potion of resistance
 g - a potion of curing {unknown}
 h - 2 potions of mutation
 i - a potion of magic {unknown}
 k - a potion of haste {unknown}
 n - a potion of heal wounds {unknown}


   Skills:
 + Level 4.0 Fighting
 + Level 5.1 Short Blades
 + Level 4.5 Dodging
 - Level 2.0 Stealth


You had 4 spell levels left.
You didn't know any spells.
Your spell library contained the following spells:

 Spells                   Type           Power      Damage    Failure   Level
 Apportation              Tloc           0%         N/A       34%         1
 Alistair's Intoxication  Tmut/Pois      0%         N/A       100%        5


Dungeon Overview and Level Annotations

Branches:
Dungeon (4/15)
 Temple: D:4-7

Altars:
Uskayaw
Zin


Innate Abilities, Weirdness & Mutations

You have a beak for a mouth.
You have claws for feet.
Your magical nature lets you fly swiftly and evasively.


Message History

The orc wizard hits you with a +0 mace.
* * * LOW HITPOINT WARNING * * *
The orc wizard closely misses you.
There is a stone staircase leading down here.
Unknown command.
Unknown command.
You completely miss the orc wizard.
The orc wizard is severely wounded.
The orc wizard misses you.
The orc wizard gestures at you while chanting.
You resist with some effort.
Unknown command.
Unknown command.
You closely miss the orc wizard. Your kick misses the orc wizard.
The orc wizard is severely wounded.
The orc wizard closely misses you.
The orc wizard hits you with a +0 dagger.
* * * LOW HITPOINT WARNING * * *
Unknown command.
You hit the orc wizard.
You claw the orc wizard, but do no damage.
The orc wizard is almost dead.
The orc wizard completely misses you. The orc wizard misses you.
Unknown command.
Unknown command.
You miss the orc wizard. Your kick misses the orc wizard.
The orc wizard is almost dead.
Unknown command.
You hit the orc wizard but do no damage.
You claw the orc wizard.
You kill the orc wizard!
The orc wizard hits you with a +0 dagger.
* * * LOW HITPOINT WARNING * * *
Your Fighting skill increases to level 4!
Unknown command.
You hit the gnoll. You peck the gnoll, but do no damage.
The gnoll is moderately wounded.
The orc wizard hits you but does no damage.
The gnoll hits you with a +0 flail!
You die...

#..#
#...........####.....###.
##.# #...........# #######...
#.# #...........#####.####...
#.# #...........##....#......
#.# #.....##'#####....#.....(
#.# #......#.#####....#..##..
#.# ##......g....'...........
#.# ####..#g###.#....#......
#.#######..#@o...............
#..........#.##..###..#..##..
#########.#####..# #.†#..##..
#...#≈.≈#..# #..#..##..
#.#.#._.#..###..#...#..
#.#.#...#..............
###...#≈.≈#...........##.
#.....#≈§§##.##..........
#.....#≈.≈##.##.......##.


You could see an orc wizard, a gnoll and a goblin.

Vanquished Creatures
  A howler monkey (D:4)
  An orc wizard (D:3)
  2 gnolls
  4 adders
  2 worms
  3 dart slugs
  An orc (D:4)
  7 ball pythons
  5 endoplasms
  6 hobgoblins
  4 jackals (D:1)
  8 bats
  2 frilled lizards (D:2)
  7 goblins
  4 kobolds
  4 rats
61 creatures vanquished.

Vanquished Creatures (others)
  4 toadstools (D:1)
4 creatures vanquished.

Grand Total: 65 creatures vanquished

Notes
Turn   | Place    | Note
-------+----------+-------------------------------------------
     0 | D:1      | HendSelp the Tengu Monk began the quest for the Orb.
     0 | D:1      | Reached XP level 1. HP: 14/14 MP: 2/2
   306 | D:1      | Reached XP level 2. HP: 16/19 MP: 3/3
   678 | D:1      | Reached XP level 3. HP: 23/23 MP: 4/4
  1309 | D:2      | Reached skill level 4 in Short Blades
  1415 | D:2      | Reached XP level 4. HP: 6/28 MP: 5/5
  1667 | D:2      | Found a hide-covered altar of Uskayaw.
  2325 | D:3      | Found a glowing silver altar of Zin.
  2563 | D:3      | Found a faded altar of an unknown god.
  3326 | D:4      | Gained mutation: Your magical nature lets you fly swiftly
                  | and evasively. [Tengu growth]
  3326 | D:4      | Reached XP level 5. HP: 21/33 MP: 6/6
  3366 | D:3      | Reached skill level 5 in Short Blades
  3516 | D:3      | Slain by a gnoll

Illustrated notes

Levels and vault maps discovered:
D:1:      ldierk_walled_garden_2, layout_loops_corners
D:2:      layout_basic, basic_altar, minmay_distorted
D:3:      layout_basic, pf_just_have_faith, hellmonk_ecumenical_altar_zigzags
D:4:      layout_rooms, minmay_temple_entry_waves

Skill      XL: |  1  2  3  4  5 |
---------------+----------------+-----
Short Blades   | 4 5 |  5.1
Dodging        | 4 |  4.5
Fighting       | 4 |  4.0
Stealth        | |  2.0

Action                   |  1- 3 |  4- 6 || total
-------------------------+-------+-------++-------
Melee: Short sword       |    57 |    79 ||   136
       Kick              |    17 |    19 ||    36
       Peck              |     6 |     7 ||    13
       Punch             |     1 |       ||     1
  Use: Scroll            |     4 |     5 ||     9
       Potion            |       |     1 ||     1
 Stab: Sleeping          |     5 |     6 ||    11
       Distracted        |     1 |       ||     1
Armor: Robe              |    10 |     9 ||    19
Dodge: Dodged            |    41 |    63 ||   104

Table legend: (Time is in decaauts)
 A = Elapsed time spent in this place.
 B = Non-inter-level travel time spent in this place.
 C = Inter-level travel time spent in this place.
 D = Time resting spent in this place.
 E = Time spent auto-exploring this place.
 F = Levels seen in this place.
 G = Mean time per level.
                   A        B        C        D        E       F      G
               +--------+--------+--------+--------+--------+-----+--------+
         Total |   3501 |   3430 |     71 |    330 |   2705 |   4 |  875.2 |
       Dungeon |   3501 |   3430 |     71 |    330 |   2705 |   4 |  875.2 |
               +--------+--------+--------+--------+--------+-----+--------+

Top non-repeatable levels by time:
     D:1: 1292 daAuts
     D:3: 1147 daAuts
     D:2: 1012 daAuts
     D:4: 48 daAuts
